 Dungeon Crawl Stone Soup version 0.28.0-45-g0d030f2227 (webtiles) character file.

Game seed: 6691054962595240514

2104 DearestLeader the Blocker (level 9, -3/75 HPs)
             Began as a Gnoll Fighter on Apr 4, 2022.
             Was a Plaything of Xom.
             Slain by Joseph
             ... wielding a +0 quarterstaff
              (13 damage)
             ... on level 7 of the Dungeon.
             The game lasted 00:12:54 (5509 turns).

DearestLeader the Blocker (Gnoll Fighter)           Turns: 5509, Time: 00:12:54

Health: -3/75      AC:  8    Str: 19 (20) XL:     9   Next: 28%
Magic:  16/16      EV: 11    Int:  8      God:    Xom [......]
Gold:   138        SH:  6    Dex: 11      Spells: 18/18 levels left

rFire   + . .      SeeInvis .   e - +2 whip (pain)
rCold   . . .      Faith    .   c - +0 buckler
rNeg    . . .      Spirit   .   b - +0 scale mail
rPois   +          Reflect  .   (no helmet)
rElec   .          Harm     .   (no cloak)
rCorr   .          Rampage  .   (no gloves)
Will    .....                   (no boots)
Stlth   +.........              s - amulet of regeneration
HPRegen 1.02/turn               g - ring of poison resistance
MPRegen 0.15/turn               p - ring of protection from fire

@: flying, hasted, invisible, very quick
A: fangs 1, strong nose, distributed training
a: Renounce Religion


You were on level 7 of the Dungeon.
You worshipped Xom.
You were a very special plaything of Xom.
You visited 1 branch of the dungeon, and saw 7 of its levels.

You collected 235 gold pieces.
You spent 97 gold pieces at shops.

Inventory:

Hand Weapons
 a - a +0 war axe
 e - a +2 whip of pain (weapon)
Missiles
 h - a throwing net (quivered)
Armour
 b - a +0 scale mail (worn)
 c - a +0 buckler (worn)
Jewellery
 g - a ring of poison resistance (left hand)
 i - an amulet of faith
 p - a ring of protection from fire (right hand)
 s - an amulet of regeneration (around neck)
Wands
 y - a wand of acid (2)
Scrolls
 f - a scroll of enchant weapon
 j - 2 scrolls of immolation
 k - 2 scrolls of holy word
 o - 2 scrolls of noise
 w - 2 scrolls of fear
 C - 2 scrolls of enchant armour
Potions
 r - 2 potions of invisibility
 t - 2 potions of mutation
 v - a potion of curing
 z - 2 potions of cancellation
Miscellaneous
 u - a piece from Xom's chessboard (14/15)


   Skills:
 + Level 8.5 Fighting
 + Level 5.2 Short Blades
 + Level 5.2 Long Blades
 + Level 7.0 Axes
 + Level 5.2 Maces & Flails
 + Level 5.2 Polearms
 + Level 5.2 Staves
 + Level 5.2 Slings
 + Level 5.2 Bows
 + Level 5.2 Crossbows
 + Level 5.2 Throwing
 + Level 8.5 Armour
 + Level 5.2 Dodging
 + Level 5.2 Stealth
 + Level 8.5 Shields
 + Level 5.2 Unarmed Combat
 + Level 5.2 Spellcasting
 + Level 4.3 Conjurations
 + Level 4.3 Hexes
 + Level 4.3 Summonings
 + Level 4.3 Necromancy
 + Level 4.3 Translocations
 + Level 4.3 Transmutations
 + Level 4.3 Fire Magic
 + Level 4.3 Ice Magic
 + Level 4.3 Air Magic
 + Level 4.3 Earth Magic
 + Level 4.3 Poison Magic
 + Level 5.8 Invocations
 + Level 5.2 Evocations


You had 18 spell levels left.
You didn't know any spells.
Your spell library contained the following spells:

 Spells                   Type           Power      Damage    Failure   Level
 Blink                    Tloc           18%        N/A       21%         2
 Cause Fear               Hex            4%         N/A       80%         4
 Manifold Assault         Tloc           9%         N/A       98%         5
 Dragon Form              Tmut           4%         N/A       100%        7
 Storm Form               Tmut/Air       4%         N/A       100%        7
 Dragon's Call            Summ           4%         N/A       100%        9


Dungeon Overview and Level Annotations

Branches:
Dungeon (7/15)             Temple (0/1) D:4

Altars:
Gozag
Wu Jian
Xom

Shops:
D:6 ?

Portals:
Bailey: D:7

Annotations:
D:3 1 runed translucent door, spica's ghost, amateur MiBe
D:4 1 runed translucent door, doomsgape's ghost, novice SpHu
D:7 Joseph


Innate Abilities, Weirdness & Mutations

You have very sharp teeth.
Your uncanny sense of smell can sniff out nearby items.
Your experience applies equally to all skills.


Message History

You barely miss Joseph.
Joseph is heavily wounded.
The gnoll throws a boomerang.
The boomerang barely misses you.
You barely miss Joseph.
Joseph is heavily wounded.
The hobgoblin throws a boomerang.
The boomerang hits you.
* * * LOW HITPOINT WARNING * * *
You emit a cloud of colourful smoke!
Joseph hits you with a +0 quarterstaff!
* * * LOW HITPOINT WARNING * * *
The gnoll throws a boomerang.
The boomerang barely misses you.
You feel better.
The hobgoblin throws a boomerang.
The boomerang hits the gnoll!
The gnoll dies!
The hobgoblin returns to its original shape as it dies.
The goblin throws a boomerang.
You block the boomerang.
Joseph says, "I'm here to kill trespassers.
I like my job."
Joseph hits you with a +0 quarterstaff.
* * * LOW HITPOINT WARNING * * *
You feel better.
Unknown command.
You closely miss Joseph.
Joseph is heavily wounded. "This might be better!"
The hobgoblin evaporates and reforms as a frilled lizard!
Joseph hits you with a +0 quarterstaff!
* * * LOW HITPOINT WARNING * * *
You hit Joseph.
Joseph writhes in agony.
You bite Joseph, but do no damage.
Joseph is heavily wounded.
The frilled lizard barely misses you. Joseph misses you.
Unknown command.
You catch the helpless Joseph completely off-guard!
You hit Joseph.
Joseph writhes in agony.
Joseph is heavily wounded.
You hit Joseph.
Joseph writhes in agony.
Joseph is severely wounded.
You block the frilled lizard's attack.
The hobgoblin throws a boomerang.
The boomerang closely misses the frilled lizard.
The boomerang barely misses you. Joseph hits you with a +0 quarterstaff!
You die...

# ##### # #.........# #
#.≈≈≈ ≈≈.# # #.≈≈# ##≈.#
# #.≈≈#.∩#≈.# #
#.≈≈'.(#≈.# #
##########.≈≈'..#≈.#####
.....§@@lg.≈≈'..#≈.....)
#########g.≈≈#.>#≈..####
#..≈≈####≈..#
##.≈≈≈≈≈≈≈..#
#..........#
######.....# #######


You could see Joseph, a hobgoblin, a goblin and a frilled lizard.

Vanquished Creatures
  Eustachio (D:6)
  Duvessa (D:7)
  An ice beast (D:6)
  An orc warrior (D:6)
  3 ogres
  A phantom (D:4)
  Blork the orc (D:5)
  2 kobold brigands (D:6)
  A wyvern skeleton (D:6)
  Dowan (D:7)
  A howler monkey (D:5)
  4 hounds
  A gnoll shaman (D:6)
  An orc priest (D:3)
  A bullfrog skeleton (D:7)
  4 iguanas
  2 orc wizards (D:6)
  A killer bee zombie (D:6)
  A mummy (D:6)
  2 howler monkey zombies
  6 gnolls
  2 howler monkey skeletons
  7 adders
  A shadow imp (D:7)
  A white imp (D:6)
  An ufetubus (D:4)
  2 adder skeletons
  An adder zombie (D:5)
  3 worms
  6 dart slugs
  17 orcs
  8 endoplasms
  A giant cockroach (D:3)
  9 hobgoblins
  11 jackals
  3 quokkas
  8 ball pythons
  8 bats
  3 frilled lizards (D:1)
  2 goblins
  A hobgoblin zombie (D:6)
  9 kobolds
  A kobold zombie (D:6)
  An orc zombie (D:6)
  3 rats
146 creatures vanquished.

Vanquished Creatures (collateral kills)
  Menkaure (D:5)
  An ogre (D:5)
  Ijyb (D:5)
3 creatures vanquished.

Vanquished Creatures (others)
  A gnoll (D:7)
  A goblin (D:7)
  2 withered plants (D:4)
4 creatures vanquished.

Grand Total: 153 creatures vanquished

Notes
Turn   | Place    | Note
-------+----------+-------------------------------------------
     0 | D:1      | DearestLeader the Gnoll Fighter began the quest for the
                  | Orb.
     0 | D:1      | Reached XP level 1. HP: 23/23 MP: 1/1
   145 | D:1      | Reached XP level 2. HP: 19/29 MP: 2/2
   359 | D:1      | You fall into a shaft and drop 1 floor!
   375 | D:2      | Reached XP level 3. HP: 23/35 MP: 3/3
   674 | D:1      | Found a faded altar of an unknown god.
   988 | D:1      | Reached skill level 1 in Invocations
  1193 | D:2      | Reached skill level 1 in Short Blades
  1193 | D:2      | Reached skill level 1 in Long Blades
  1193 | D:2      | Reached skill level 1 in Maces & Flails
  1193 | D:2      | Reached skill level 1 in Polearms
  1193 | D:2      | Reached skill level 1 in Staves
  1193 | D:2      | Reached skill level 1 in Slings
  1193 | D:2      | Reached skill level 1 in Bows
  1193 | D:2      | Reached skill level 1 in Crossbows
  1193 | D:2      | Reached skill level 1 in Throwing
  1193 | D:2      | Reached skill level 1 in Dodging
  1193 | D:2      | Reached skill level 1 in Stealth
  1193 | D:2      | Reached skill level 1 in Unarmed Combat
  1193 | D:2      | Reached skill level 1 in Spellcasting
  1193 | D:2      | Reached skill level 1 in Evocations
  1337 | D:2      | Reached XP level 4. HP: 38/41 MP: 5/5
  1681 | D:2      | Reached skill level 1 in Conjurations
  1681 | D:2      | Reached skill level 1 in Hexes
  1681 | D:2      | Reached skill level 1 in Summonings
  1681 | D:2      | Reached skill level 1 in Necromancy
  1681 | D:2      | Reached skill level 1 in Translocations
  1681 | D:2      | Reached skill level 1 in Transmutations
  1681 | D:2      | Reached skill level 1 in Fire Magic
  1681 | D:2      | Reached skill level 1 in Ice Magic
  1681 | D:2      | Reached skill level 1 in Air Magic
  1681 | D:2      | Reached skill level 1 in Earth Magic
  1681 | D:2      | Reached skill level 1 in Poison Magic
  2245 | D:3      | Found a shimmering altar of Xom.
  2258 | D:3      | Became a worshipper of Xom of Chaos
  2288 | D:3      | XOM: potion effect (might)
  2347 | D:3      | Found an opulent altar of Gozag.
  2403 | D:3      | Reached XP level 5. HP: 39/47 MP: 6/6
  2443 | D:3      | Found a runed translucent door.
  2445 | D:3      | Noticed spica's ghost (amateur MiBe)
  2493 | D:3      | XOM is BORED!
  2493 | D:3      | XOM: silly message
  2757 | D:4      | XOM: potion effect (experience)
  2757 | D:4      | Reached skill level 5 in Invocations
  2757 | D:4      | Reached XP level 6. HP: 48/56 MP: 7/12
  2810 | D:4      | Found a staircase to the Ecumenical Temple.
  2937 | D:4      | Reached XP level 7. HP: 59/62 MP: 13/13
  3132 | D:4      | Found a runed translucent door.
  3132 | D:4      | Noticed doomsgape's ghost (novice SpHu)
  3189 | D:4      | XOM: silly message
  3216 | D:4      | XOM: noise
  3218 | D:4      | XOM: silly message
  3474 | D:5      | Entered Level 5 of the Dungeon
  3484 | D:5      | Noticed Blork the orc
  3497 | D:5      | Killed Blork the orc
  3528 | D:5      | Noticed Ijyb
  3536 | D:5      | Killed Ijyb
  3579 | D:5      | Noticed Menkaure
  3582 | D:5      | Killed Menkaure
  3645 | D:5      | Reached XP level 8. HP: 68/68 MP: 15/15
  3836 | D:5      | XOM: fog
  3839 | D:5      | XOM: confusion (+ monsters)
  3893 | D:5      | XOM is BORED!
  3893 | D:5      | XOM: stat loss: -3 Str (15/18)
  4141 | D:5      | XOM: noise
  4217 | D:6      | XOM: divination: detect items
  4234 | D:6      | Reached skill level 5 in Short Blades
  4234 | D:6      | Reached skill level 5 in Long Blades
  4234 | D:6      | Reached skill level 5 in Maces & Flails
  4234 | D:6      | Reached skill level 5 in Polearms
  4234 | D:6      | Reached skill level 5 in Staves
  4234 | D:6      | Reached skill level 5 in Slings
  4234 | D:6      | Reached skill level 5 in Bows
  4234 | D:6      | Reached skill level 5 in Crossbows
  4234 | D:6      | Reached skill level 5 in Throwing
  4234 | D:6      | Reached skill level 5 in Dodging
  4234 | D:6      | Reached skill level 5 in Stealth
  4234 | D:6      | Reached skill level 5 in Unarmed Combat
  4234 | D:6      | Reached skill level 5 in Spellcasting
  4234 | D:6      | Reached skill level 5 in Evocations
  4241 | D:6      | Found an ornate altar of the Wu Jian Council.
  4245 | D:6      | XOM: smoke on damage
  4290 | D:6      | XOM: fog
  4404 | D:6      | Found Zipt's Magic Scroll Shop.
  4407 | D:6      | Bought a scroll of enchant armour for 97 gold pieces
  4457 | D:6      | XOM: noise
  4507 | D:6      | XOM: chaos upgrade
  4514 | D:6      | XOM: swap monsters
  4652 | D:6      | XOM: 1-stop teleportation journey
  4680 | D:6      | Noticed Eustachio
  4682 | D:6      | XOM: enchant monster (bad)
  4688 | D:6      | XOM: destruction
  4708 | D:6      | Killed Eustachio
  4709 | D:6      | Reached XP level 9. HP: 36/75 MP: 16/16
  5282 | D:7      | Noticed Duvessa
  5282 | D:7      | Noticed Dowan
  5302 | D:7      | XOM: scenery: 1 doors open
  5304 | D:7      | XOM: summons 4 friendly demons
  5307 | D:7      | Killed Duvessa
  5319 | D:7      | Killed Dowan
  5471 | D:7      | Noticed Joseph
  5472 | D:7      | XOM: noise
  5472 | D:7      | Found a flagged portal.
  5475 | D:7      | XOM: confusion
  5495 | D:7      | XOM: polymorph hobgoblin -> gnoll
  5503 | D:7      | XOM: smoke on damage
  5506 | D:7      | XOM: polymorph hobgoblin -> frilled lizard
  5509 | D:7      | Slain by Joseph

Illustrated notes

Levels and vault maps discovered:
D:1:      amcnicky_arrival_choice, layout_loops_ring,
          ebering_ecumenical_altar_rust, chequers_avenue, minmay_surrounded
D:2:      layout_rooms
D:3:      layout_basic, xom_butterflies, amcnicky_altar_gilded,
          gammafunk_ghost_grave
D:4:      layout_cave_pools, temple_fountains, gammafunk_ghost_grave,
          grunt_ministairs_6, st_stairs_12, minmay_misc_feat_diagonals,
          cheibrodos_gnoll_hut
D:5:      minmay_angry_zag, layout_cave_pools, minmay_misc_feat_iff,
          minmay_misc_feat_cross, hangedman_abyss_or_decor_jellyfish_corner,
          kennysheep_windowed_goal, uniq_ijyb, uniq_blork_the_orc, uniq_menkaure
D:6:      layout_loops_ring, nzn_wu_jian_contemplation, serial_shops,
          nicolae_shop_behind_doors, minmay_mini_ossuary, uniq_eustachio
D:7:      layout_basic, enter_bailey_4, uniq_joseph, uniq_duvessa

Skill      XL: |  1  2  3  4  5  6  7  8  9 |
---------------+----------------------------+-----
Invocations    | 1 5 |  5.8
Short Blades   | 1 4 5 |  5.2
Long Blades    | 1 4 5 |  5.2
Maces & Flails | 1 4 5 |  5.2
Polearms       | 1 4 5 |  5.2
Staves         | 1 4 5 |  5.2
Slings         | 1 4 5 |  5.2
Bows           | 1 4 5 |  5.2
Crossbows      | 1 4 5 |  5.2
Throwing       | 1 4 5 |  5.2
Dodging        | 1 4 5 |  5.2
Stealth        | 1 4 5 |  5.2
Unarmed Combat | 1 4 5 |  5.2
Spellcasting   | 1 4 5 |  5.2
Evocations     | 1 4 5 |  5.2
Conjurations   | 1 3 4 |  4.3
Hexes          | 1 3 4 |  4.3
Summonings     | 1 3 4 |  4.3
Necromancy     | 1 3 4 |  4.3
Translocations | 1 3 4 |  4.3
Transmutations | 1 3 4 |  4.3
Fire Magic     | 1 3 4 |  4.3
Ice Magic      | 1 3 4 |  4.3
Air Magic      | 1 3 4 |  4.3
Earth Magic    | 1 3 4 |  4.3
Poison Magic   | 1 3 4 |  4.3
Fighting       | 8 |  8.5
Axes           | 6 7 |  7.0
Armour         | 8 |  8.5
Shields        | 8 |  8.5

Action                   |  1- 3 |  4- 6 |  7- 9 || total
-------------------------+-------+-------+-------++-------
Melee: Whip              |   115 |   136 |   400 ||   651
       War axe           |     5 |       |       ||     5
       Bite              |    14 |    11 |    50 ||    75
Evoke: Wand              |       |       |     4 ||     4
       Piece from Xom's  |       |       |     2 ||     2
  Use: Scroll            |       |     7 |     8 ||    15
       Potion            |       |       |     8 ||     8
 Stab: Distracted        |       |     1 |     1 ||     2
       Invisible         |       |       |     2 ||     2
       Sleeping          |       |       |     1 ||     1
Armor: Scale mail        |    43 |    54 |    93 ||   190
Dodge: Dodged            |    59 |    68 |   177 ||   304
Block: Buckler           |    29 |    36 |    78 ||   143
